 Dungeon Crawl Stone Soup version 0.30-a0-322-g102857c98e (webtiles) character file.

Game seed: 4611285238383254900

50 bande the Magician (level 3, -1/26 HPs)
             Began as a Gnoll Wanderer on Oct 27, 2022.
             Slain by an orc
             ... wielding a +0 trident
              (3 damage)
             ... on level 3 of the Dungeon.
             The game lasted 00:03:03 (1848 turns).

bande the Magician (Gnoll Wanderer)                 Turns: 1848, Time: 00:03:04

Health: -1/26      AC:  8    Str: 10    XL:     3   Next: 79%
Magic:  11/11      EV:  4    Int: 11    God:
Gold:   99         SH:  4    Dex: 14    Spells: 15/16 levels left

rFire   . . .      SeeInvis .    a - +0 falchion
rCold   . . .      Faith    .    b - +0 buckler
rNeg    . . .      Spirit   .    e - +0 chain mail
rPois   .          Reflect  .    (no helmet)
rElec   .          Harm     .    (no cloak)
rCorr   .          Rampage  .    (no gloves)
Will    .....                    (no boots)
Stlth   ..........               (no amulet)
HPRegen 0.24/turn                (no ring)
MPRegen 0.12/turn                (no ring)

@: no status effects
A: fangs 1, strong nose, distributed training
a: no special abilities


You were on level 3 of the Dungeon.
You visited 1 branch of the dungeon, and saw 3 of its levels.

You collected 99 gold pieces.

Inventory:

Hand Weapons
 a - a +0 falchion (weapon)
Armour
 b - a +0 buckler (worn)
 e - a +0 chain mail (worn)
Scrolls
 i - a scroll of amnesia
Potions
 c - 2 potions of curing
 d - a potion of magic {unknown}
 f - a potion of cancellation
 g - a potion of might {unknown}
 h - a potion of resistance


   Skills:
 + Level 1.0 Fighting
 + Level 1.0 Short Blades
 + Level 2.6 Long Blades
 + Level 1.0 Axes
 + Level 1.0 Maces & Flails
 + Level 1.0 Polearms
 + Level 1.0 Staves
 + Level 1.0 Ranged Weapons
 + Level 2.6 Throwing
 + Level 1.0 Armour
 + Level 1.0 Dodging
 + Level 4.2 Stealth
 + Level 2.6 Shields
 + Level 1.0 Unarmed Combat
 + Level 7.1 Spellcasting
 + Level 0.7 Conjurations
 + Level 0.7 Hexes
 + Level 3.8 Summonings
 + Level 0.7 Necromancy
 + Level 0.7 Translocations
 + Level 0.7 Transmutations
 + Level 0.7 Fire Magic
 + Level 0.7 Ice Magic
 + Level 0.7 Air Magic
 + Level 0.7 Earth Magic
 + Level 0.7 Poison Magic
 + Level 1.0 Invocations
 + Level 1.0 Evocations


You had 15 spell levels left.
You knew the following spells:

 Your Spells              Type           Power      Damage    Failure   Level
a - Summon Small Mammal   Summ           48%        N/A       98%         1

Your spell library contained the following spells:

 Spells                   Type           Power      Damage    Failure   Level
 Call Canine Familiar     Summ           12%        N/A       100%        3
 Summon Lightning Spire   Summ/Air       8%         N/A       100%        4


Dungeon Overview and Level Annotations

Branches:
Dungeon (3/15)

Altars:


Innate Abilities, Weirdness & Mutations

You have very sharp teeth.
Your uncanny sense of smell can sniff out nearby items.
Your experience applies equally to all skills.


Message History

You block the rat's attack.
You closely miss the rat. The orc barely misses you. The rat bites you.
You closely miss the rat. The orc hits you but does no damage.
The rat bites you.
You hit the rat. Your bite misses the rat.
The rat is heavily wounded.
You block the orc's attack. The rat barely misses you.
You closely miss the rat. Your bite misses the rat.
The rat is heavily wounded.
The orc hits you from afar with a +0 trident.
The rat bites you but does no damage.
You hit the rat but do no damage.
The rat is heavily wounded.
The rat bites you but does no damage. The orc barely misses you.
The orc hits you from afar with a +0 trident.
The rat bites you.
You are too injured to fight recklessly!
You are too injured to fight recklessly!
You are too injured to fight recklessly!
You are too injured to fight recklessly!
You are too injured to fight recklessly!
You are too injured to fight recklessly!
You are too injured to fight recklessly!
You hit the rat.
You kill the rat!
The orc hits you but does no damage. The orc hits you but does no damage.
You barely miss the orc. The orc hits you but does no damage.
You hit the orc.
The orc is heavily wounded.
The orc hits you with a +0 trident.
You closely miss the orc.
The orc is moderately wounded.
The orc hits you with a +0 trident!
* * * LOW HITPOINT WARNING * * *
The orc barely misses you.
You hit the orc.
The orc is almost dead.
The orc hits you with a +0 trident.
You die...

## . #. ##.#
#...############
#............#
#...########.#
###.###### #.#
#....@o..# #.#
#.######.###.#
... #<##..######
... #..........#
####
####.#####.# #.
#.# #. #.# #.
#.#### #. #.....


You could see an orc.

Vanquished Creatures
  A dart slug (D:1)
  5 ball pythons
  5 endoplasms
  A giant cockroach (D:2)
  5 goblins
  2 hobgoblins (D:2)
  2 jackals (D:2)
  2 quokkas (D:1)
  5 bats
  7 frilled lizards
  8 kobolds
  5 rats
48 creatures vanquished.

Notes
Turn   | Place    | Note
-------+----------+-------------------------------------------
     0 | D:1      | bande the Gnoll Wanderer began the quest for the Orb.
     0 | D:1      | bande set off with the following items: a +0 falchion, a +0
                  | buckler, a potion of curing, a +0 robe; and the following
                  | spell memorised: Summon Small Mammal; and the following
                  | spells available to memorise: Call Canine Familiar, Summon
                  | Lightning Spire.
     0 | D:1      | Reached XP level 1. HP: 13/13 MP: 8/8
   294 | D:1      | Reached XP level 2. HP: 19/19 MP: 10/10
   935 | D:1      | Reached XP level 3. HP: 25/25 MP: 11/11
  1380 | D:2      | Reached skill level 1 in Invocations
  1642 | D:2      | Reached skill level 1 in Fighting
  1642 | D:2      | Reached skill level 1 in Short Blades
  1642 | D:2      | Reached skill level 1 in Axes
  1642 | D:2      | Reached skill level 1 in Maces & Flails
  1642 | D:2      | Reached skill level 1 in Polearms
  1642 | D:2      | Reached skill level 1 in Staves
  1642 | D:2      | Reached skill level 1 in Ranged Weapons
  1642 | D:2      | Reached skill level 1 in Armour
  1642 | D:2      | Reached skill level 1 in Dodging
  1642 | D:2      | Reached skill level 1 in Unarmed Combat
  1642 | D:2      | Reached skill level 1 in Evocations
  1848 | D:3      | Slain by an orc

Illustrated notes

Levels and vault maps discovered:
D:1:      shiori_arrival_maze, layout_basic
D:2:      layout_rooms, interstate_on_off
D:3:      layout_loops_ring, hellmonk_ecumenical_altar_arch_garden, uniq_grinder

Skill      XL: |  1  2  3 |
---------------+----------+-----
Invocations    | 1 |  1.0
Fighting       | 1 |  1.0
Short Blades   | 1 |  1.0
Axes           | 1 |  1.0
Maces & Flails | 1 |  1.0
Polearms       | 1 |  1.0
Staves         | 1 |  1.0
Ranged Weapons | 1 |  1.0
Armour         | 1 |  1.0
Dodging        | 1 |  1.0
Unarmed Combat | 1 |  1.0
Evocations     | 1 |  1.0
Long Blades    | |  2.6
Throwing       | |  2.6
Stealth        | |  4.2
Shields        | |  2.6
Spellcasting   | |  7.1
Conjurations   | |  0.7
Hexes          | |  0.7
Summonings     | |  3.8
Necromancy     | |  0.7
Translocations | |  0.7
Transmutations | |  0.7
Fire Magic     | |  0.7
Ice Magic      | |  0.7
Air Magic      | |  0.7
Earth Magic    | |  0.7
Poison Magic   | |  0.7

Action                   || total
-------------------------++-------
Melee: Falchion          ||   138
       Bite              ||     9
  Use: Scroll            ||     5
Armor: Chain mail        ||    96
Dodge: Dodged            ||    40
Block: Buckler           ||    32

Table legend: (Time is in decaauts)
 A = Elapsed time spent in this place.
 B = Non-inter-level travel time spent in this place.
 C = Inter-level travel time spent in this place.
 D = Time resting spent in this place.
 E = Time spent auto-exploring this place.
 F = Levels seen in this place.
 G = Mean time per level.
                   A        B        C        D        E       F      G
               +--------+--------+--------+--------+--------+-----+--------+
         Total |   1877 |   1863 |     14 |    412 |   1086 |   3 |  625.7 |
       Dungeon |   1877 |   1863 |     14 |    412 |   1086 |   3 |  625.7 |
               +--------+--------+--------+--------+--------+-----+--------+

Top non-repeatable levels by time:
     D:1: 1267 daAuts
     D:2: 543 daAuts
     D:3: 65 daAuts
